Map: Radhuset Station LE

Players

jaf

  • Race: Protoss Protoss
  • League: Gold
  • Spawn Location: 1:00

Subwayeatn - Winner!

  • Race: Zerg Zerg
  • League: Gold
  • Spawn Location: 7:00

VOD

Have the link to the VOD?

Description

Time

  • Played on: Oct. 16, 2023, 10:03 p.m.
  • Length: 4:42
Show
View Real Time Build Order
Export as new Build Order

jaf Protoss 

Build Orders:  

Get SALT Encoding   

  12  0:01  Probe  
  13  0:13  Probe (Chrono Boost)  
  14  0:19  Pylon  
  14  0:23  Probe (Chrono Boost)  
  15  0:36  Assimilator  
  15  0:37  Probe  
  16  0:49  Probe  
  17  0:50  Gateway  
  17  1:01  Probe  
  18  1:13  Probe (Chrono Boost)  
  19  1:22  Assimilator  
  19  1:23  Probe (Chrono Boost)  
  20  1:27  Pylon  
  20  1:28  Probe (Chrono Boost)  
  22  1:40  Probe  
  22  1:45  Pylon  
  22  1:52  Probe  
  22  1:54  Gateway  
  23  1:56  Cybernetics Core  
  23  2:04  Probe  
  24  2:09  Gateway  
  24  2:16  Probe (Chrono Boost)  
  24  2:22  Zealot  
  26  2:25  Probe (Chrono Boost)  
  27  2:33  Probe  
  28  2:55  Warp Gate  
  28  3:02  Stalker x3  
  34  3:13  Pylon  
  32  3:31  Probe (Chrono Boost)  
  32  3:32  Stalker  
  33  3:39  Zealot x2  
  37  3:45  Twilight Council  
  37  3:46  Robotics Facility  
  37  4:02  Zealot  
  39  4:17  Pylon  
Show
View Real Time Build Order
Export as new Build Order

Subwayeatn Zerg - Winner!

Build Orders: Hatch First 

Get SALT Encoding   

  12  0:00  Drone  
  13  0:09  Drone  
  14  0:17  Overlord  
  14  0:24  Extractor, Drone  
  15  0:36  Drone  
  16  0:48  Hatchery  
  15  0:52  Drone  
  15  0:56  Drone  
  17  1:01  Extractor  
  17  1:03  Drone  
  17  1:17  Spawning Pool  
  16  1:26  Drone  
  16  1:27  Drone  
  18  1:45  Drone  
  18  1:46  Overlord  
  19  1:58  Drone  
  20  2:04  Queen  
  20  2:05  Queen  
  24  2:21  Metabolic Boost  
  24  2:27  Zergling x2  
  24  2:28  Zergling x2  
  26  2:30  Zergling x2  
  27  2:50  Drone x6  
  33  2:59  Queen  
  35  3:14  Overlord  
  35  3:15  Overlord  
  33  3:40  Lair  
  33  3:42  Hatchery  
  32  3:56  Zergling x2  
  32  3:57  Zergling x18  
  42  4:04  Extractor x2  
  42  4:05  Extractor  
  38  4:26  Drone x6  
Tags
 
League
GoldGold
Matchup
PvZ
Replay Pack
Multiplayer
Spawn Locations
Cross Positions
Add a new tag
Caveats
  • Supply blocks, unpowered buildings, or Contaminate may cause inaccurate times.
  • Supply counts are checked every 10 seconds.